[ AOE2 MATCH · #506767587 ]
UnrankedHuns vs Spanish
Player's team · WIN
Rival team · LOSS
[ REPLAY ANALYSIS · EXTRACTED FROM THE RECORDED GAME ]
Feudal
9:17
Castle
22:05
Imperial
—
| APM avg | 42.1 |
| APM peak | 61 |
| eAPM avg | 23.9 |
| Villagers / military | 120 / 151 |
Focus
⚔️ 45.1% · 🌾 54.9%
Cavalry Archer ×91 · Scout Cavalry ×32 · Archer ×8 · Battering Ram ×7 · Militia ×4 · Mangonel ×4
Feudal
9:16
Castle
21:15
Imperial
—
| APM avg | 50.2 |
| APM peak | 87 |
| eAPM avg | 22.4 |
| Villagers / military | 155 / 82 |
Focus
⚔️ 38.4% · 🌾 61.6%
Conquistador ×39 · Scout Cavalry ×21 · Archer ×7 · Scorpion ×6 · Militia ×5 · Mangonel ×3
Match map
Initial resources + every placement click. Lines = walls · curves = elevation contours. ◆ gold · ⬟ stone · ● berries · ✦ relic · ◌ wall gap
Your base· Open — opponent sealed themselves in
老爱国炸鱼号's base· ✓ Closed at 21:15 · 45t walls · no gate
Smoothed initial terrain · ◌ = detected wall gap · hover for details
Inputs per minute
— Light Cav OP - - 老爱国炸鱼号
Build order — Light Cav OP
First 150 of 337 actions detected
| 0:01 | Queue | Villager (Male) |
| 0:07 | Queue | Villager (Male) |
| 0:07 | Queue | Villager (Male) |
| 0:12 | Queue | Villager (Male) |
| 1:15 | Queue | Villager (Male) |
| 1:40 | Queue | Villager (Male) |
| 2:17 | Queue | Villager (Male) |
| 2:27 | Build | Lumber Camp |
| 2:30 | Queue | Villager (Male) |
| 2:30 | Queue | Villager (Male) |
| 2:53 | Queue | Villager (Male) |
| 3:22 | Queue | Villager (Male) |
| 3:43 | Queue | Villager (Male) |
| 4:02 | Queue | Villager (Male) |
| 4:13 | Queue | Villager (Male) |
| 4:36 | Queue | Villager (Male) |
| 5:10 | Build | Mill |
| 5:43 | Queue | Villager (Male) |
| 6:03 | Queue | Villager (Male) |
| 6:12 | Queue | Villager (Male) |
| 6:18 | Queue | Villager (Male) |
| 6:36 | Queue | Villager (Male) |
| 6:42 | Research | Loom |
| 6:52 | Build | Barracks |
| 7:07 | Research | Feudal Age |
| 7:45 | Queue | Militia |
| 8:01 | Build | Mining Camp |
| 8:02 | Build | Palisade Wall |
| 8:09 | Queue | Militia |
| 8:25 | Queue | Militia |
| 8:37 | Queue | Militia |
| 9:17 | Age | Feudal Age |
| 9:23 | Research | Man-at-Arms (upgrade) |
| 9:23 | Queue | Villager (Male) |
| 9:24 | Research | Double-Bit Axe |
| 9:39 | Queue | Villager (Male) |
| 9:49 | Queue | Villager (Male) |
| 10:31 | Build | Archery Range |
| 10:41 | Queue | Villager (Male) |
| 11:06 | Research | Loom |
| 11:09 | Queue | Skirmisher |
| 11:18 | Build | Blacksmith |
| 11:29 | Queue | Villager (Male) |
| 11:33 | Build | Palisade Wall |
| 11:41 | Queue | Skirmisher |
| 12:01 | Research | Fletching |
| 12:02 | Queue | Villager (Male) |
| 12:04 | Build | Farm |
| 12:12 | Queue | Skirmisher |
| 12:26 | Queue | Villager (Male) |
| 12:28 | Build | Farm |
| 12:41 | Queue | Villager (Male) |
| 12:43 | Build | Palisade Wall |
| 12:45 | Queue | Archer |
| 12:51 | Research | Horse Collar |
| 12:55 | Build | Farm |
| 13:13 | Queue | Villager (Male) |
| 13:17 | Queue | Archer |
| 13:39 | Build | Stable |
| 13:43 | Queue | Villager (Male) |
| 13:59 | Queue | Villager (Male) |
| 14:06 | Build | Farm |
| 14:07 | Queue | Archer |
| 14:19 | Queue | Scout Cavalry |
| 14:23 | Build | Palisade Gate |
| 14:24 | Build | Palisade Wall |
| 14:28 | Build | Palisade Wall |
| 14:29 | Build | Palisade Wall |
| 14:32 | Queue | Villager (Male) |
| 14:40 | Build | Farm |
| 14:41 | Build | Farm |
| 14:43 | Build | Farm |
| 14:46 | Queue | Villager (Male) |
| 14:47 | Queue | Scout Cavalry |
| 14:55 | Queue | Archer |
| 15:06 | Build | Farm |
| 15:19 | Queue | Villager (Male) |
| 15:23 | Build | Lumber Camp |
| 15:37 | Build | Farm |
| 15:40 | Queue | Villager (Male) |
| 15:49 | Build | Farm |
| 16:01 | Queue | Scout Cavalry |
| 16:04 | Queue | Villager (Male) |
| 16:06 | Queue | Archer |
| 16:16 | Build | Farm |
| 16:17 | Build | Farm |
| 16:40 | Queue | Villager (Male) |
| 16:41 | Queue | Archer |
| 16:48 | Queue | Villager (Male) |
| 16:55 | Queue | Villager (Male) |
| 16:58 | Queue | Scout Cavalry |
| 17:07 | Queue | Villager (Male) |
| 17:09 | Build | Farm |
| 17:21 | Queue | Villager (Male) |
| 17:23 | Build | Farm |
| 17:27 | Build | Farm |
| 17:29 | Build | Farm |
| 17:31 | Build | Farm |
| 17:43 | Build | Market |
| 17:56 | Research | Wheelbarrow |
| 18:00 | Build | Farm |
| 18:36 | Queue | Archer |
| 19:25 | Research | Castle Age |
| 19:25 | Research | Castle Age |
| 20:07 | Queue | Archer |
| 20:17 | Build | Archery Range |
| 20:21 | Build | Archery Range |
| 20:24 | Research | Gold Mining |
| 21:41 | Queue | Villager (Male) |
| 22:05 | Age | Castle Age |
| 22:05 | Queue | Cavalry Archer |
| 22:06 | Queue | Cavalry Archer |
| 22:06 | Queue | Cavalry Archer |
| 22:09 | Research | Bodkin Arrow |
| 22:11 | Research | Bow Saw |
| 22:12 | Build | University |
| 22:22 | Build | Siege Workshop |
| 22:29 | Queue | Villager (Male) |
| 22:34 | Queue | Cavalry Archer |
| 22:35 | Queue | Cavalry Archer |
| 22:36 | Queue | Cavalry Archer |
| 22:45 | Research | Gold Shaft Mining |
| 22:56 | Queue | Villager (Male) |
| 22:58 | Build | Palisade Wall |
| 23:06 | Queue | Cavalry Archer |
| 23:06 | Queue | Cavalry Archer |
| 23:11 | Queue | Villager (Male) |
| 23:18 | Research | Ballistics |
| 23:19 | Queue | Villager (Male) |
| 23:23 | Queue | Mangonel |
| 23:23 | Queue | Mangonel |
| 23:28 | Queue | Villager (Male) |
| 23:36 | Queue | Villager (Male) |
| 23:43 | Queue | Cavalry Archer |
| 24:05 | Build | Monastery |
| 24:06 | Queue | Cavalry Archer |
| 24:08 | Queue | Cavalry Archer |
| 24:10 | Queue | Villager (Male) |
| 24:24 | Queue | Villager (Male) |
| 24:25 | Research | Husbandry |
| 24:41 | Queue | Villager (Male) |
| 24:43 | Queue | Cavalry Archer |
| 24:43 | Queue | Cavalry Archer |
| 24:53 | Queue | Villager (Male) |
| 25:23 | Queue | Villager (Male) |
| 25:31 | Research | Bloodlines |
| 25:57 | Queue | Villager (Male) |
| 26:12 | Queue | Mangonel |
| 26:13 | Queue | Villager (Male) |
| 26:19 | Research | Hand Cart |
Build order — 老爱国炸鱼号
First 150 of 416 actions detected
| 0:01 | Queue | Villager (Male) |
| 0:02 | Build | House |
| 0:04 | Build | House |
| 0:13 | Queue | Villager (Male) |
| 0:21 | Queue | Villager (Male) |
| 0:22 | Queue | Villager (Male) |
| 1:23 | Queue | Villager (Male) |
| 1:23 | Queue | Villager (Male) |
| 1:59 | Queue | Villager (Male) |
| 1:59 | Queue | Villager (Male) |
| 2:18 | Build | Lumber Camp |
| 2:31 | Queue | Villager (Male) |
| 2:31 | Queue | Villager (Male) |
| 2:31 | Queue | Villager (Male) |
| 2:44 | Queue | Villager (Male) |
| 2:44 | Queue | Villager (Male) |
| 3:19 | Queue | Villager (Male) |
| 3:19 | Queue | Villager (Male) |
| 3:52 | Queue | Villager (Male) |
| 3:57 | Build | House |
| 4:11 | Queue | Villager (Male) |
| 4:11 | Queue | Villager (Male) |
| 4:27 | Queue | Villager (Male) |
| 4:28 | Queue | Villager (Male) |
| 4:40 | Build | House |
| 5:22 | Build | Barracks |
| 5:44 | Queue | Villager (Male) |
| 5:45 | Queue | Villager (Male) |
| 5:46 | Research | Loom |
| 6:41 | Build | Mining Camp |
| 6:55 | Research | Feudal Age |
| 7:07 | Queue | Militia |
| 7:07 | Queue | Militia |
| 7:26 | Queue | Militia |
| 7:26 | Queue | Militia |
| 7:27 | Queue | Militia |
| 7:51 | Build | House |
| 7:53 | Build | Palisade Wall |
| 8:56 | Build | House |
| 8:57 | Queue | Villager (Male) |
| 9:16 | Age | Feudal Age |
| 9:20 | Research | Man-at-Arms (upgrade) |
| 9:29 | Build | Archery Range |
| 9:36 | Queue | Villager (Male) |
| 9:53 | Queue | Villager (Male) |
| 10:08 | Queue | Villager (Male) |
| 10:23 | Queue | Archer |
| 10:26 | Build | Mill |
| 10:31 | Queue | Villager (Male) |
| 11:05 | Queue | Villager (Male) |
| 11:10 | Build | Farm |
| 11:12 | Build | House |
| 11:16 | Queue | Villager (Male) |
| 11:19 | Build | Farm |
| 11:20 | Build | Farm |
| 11:26 | Research | Double-Bit Axe |
| 11:27 | Research | Double-Bit Axe |
| 11:29 | Build | Farm |
| 11:31 | Queue | Archer |
| 11:36 | Build | House |
| 11:39 | Queue | Villager (Male) |
| 11:47 | Build | Farm |
| 11:58 | Build | Farm |
| 12:03 | Queue | Villager (Male) |
| 12:07 | Build | House |
| 12:41 | Queue | Villager (Male) |
| 12:43 | Queue | Archer |
| 12:45 | Build | Stable |
| 12:49 | Queue | Villager (Male) |
| 13:01 | Build | House |
| 13:06 | Build | Palisade Wall |
| 13:16 | Build | House |
| 13:17 | Queue | Villager (Male) |
| 13:20 | Build | Farm |
| 13:28 | Build | Farm |
| 13:29 | Queue | Archer |
| 13:37 | Build | Farm |
| 13:44 | Queue | Scout Cavalry |
| 13:52 | Build | Farm |
| 13:53 | Queue | Villager (Male) |
| 14:02 | Build | Palisade Wall |
| 14:06 | Queue | Villager (Male) |
| 14:24 | Queue | Scout Cavalry |
| 14:25 | Queue | Archer |
| 14:26 | Queue | Villager (Male) |
| 14:38 | Build | Farm |
| 15:03 | Build | Blacksmith |
| 15:05 | Build | Palisade Wall |
| 15:08 | Queue | Scout Cavalry |
| 15:09 | Queue | Archer |
| 15:12 | Queue | Villager (Male) |
| 15:19 | Build | Farm |
| 15:37 | Queue | Villager (Male) |
| 15:46 | Build | Lumber Camp |
| 15:50 | Research | Fletching |
| 15:50 | Research | Fletching |
| 16:11 | Queue | Villager (Male) |
| 16:47 | Queue | Villager (Male) |
| 16:50 | Queue | Villager (Male) |
| 16:54 | Build | Palisade Wall |
| 17:04 | Queue | Villager (Male) |
| 17:06 | Build | House |
| 17:08 | Build | House |
| 17:09 | Build | House |
| 17:15 | Build | Farm |
| 17:15 | Build | Farm |
| 17:20 | Queue | Villager (Male) |
| 17:21 | Build | Farm |
| 17:44 | Queue | Villager (Male) |
| 17:48 | Build | Farm |
| 18:02 | Build | Stone Wall |
| 18:11 | Queue | Archer |
| 18:14 | Build | Mining Camp |
| 18:35 | Research | Castle Age |
| 18:35 | Research | Castle Age |
| 19:03 | Build | Market |
| 19:07 | Research | Horse Collar |
| 19:08 | Research | Horse Collar |
| 19:09 | Research | Gold Mining |
| 19:10 | Research | Gold Mining |
| 19:25 | Research | Stone Mining |
| 19:25 | Research | Stone Mining |
| 19:30 | Research | Stone Mining |
| 19:30 | Research | Stone Mining |
| 19:53 | Build | Palisade Wall |
| 19:54 | Build | Palisade Wall |
| 19:55 | Build | Palisade Wall |
| 19:56 | Build | Palisade Wall |
| 19:57 | Build | Palisade Wall |
| 20:01 | Build | Palisade Wall |
| 20:08 | Build | Farm |
| 21:15 | Age | Castle Age |
| 21:29 | Research | Bow Saw |
| 21:38 | Queue | Villager (Male) |
| 21:39 | Queue | Villager (Male) |
| 21:49 | Build | Castle |
| 21:57 | Research | Padded Archer Armor |
| 21:59 | Research | Bloodlines |
| 22:05 | Build | Siege Workshop |
| 22:14 | Queue | Villager (Male) |
| 22:33 | Queue | Villager (Male) |
| 22:49 | Queue | Villager (Male) |
| 22:50 | Queue | Mangonel |
| 23:10 | Queue | Villager (Male) |
| 23:39 | Build | Town Center |
| 23:41 | Queue | Villager (Male) |
| 23:43 | Queue | Conquistador |
| 23:44 | Queue | Conquistador |
| 23:48 | Queue | Scorpion |
| 23:50 | Queue | Villager (Male) |
Match timeline
| 5:22 | 老爱国炸鱼号 · first_building Barracks |
| 6:52 | Light Cav OP · first_building Barracks |
| 7:53 | 老爱国炸鱼号 · wall_segment Palisade Wall x1 |
| 8:02 | Light Cav OP · wall_segment Palisade Wall x1 |
| 9:16 | 老爱国炸鱼号 · age_up feudal |
| 9:17 | Light Cav OP · age_up feudal |
| 9:29 | 老爱国炸鱼号 · first_building Archery Range |
| 10:31 | Light Cav OP · first_building Archery Range |
| 11:33 | Light Cav OP · wall_segment Palisade Wall x7 |
| 12:43 | Light Cav OP · wall_segment Palisade Wall x1 |
| 12:45 | 老爱国炸鱼号 · first_building Stable |
| 13:06 | 老爱国炸鱼号 · wall_segment Palisade Wall x14 |
| 13:39 | Light Cav OP · first_building Stable |
| 14:02 | 老爱国炸鱼号 · wall_segment Palisade Wall x8 |
| 14:24 | Light Cav OP · wall_segment Palisade Wall x1 |
| 14:28 | Light Cav OP · wall_segment Palisade Wall x1 |
| 14:29 | Light Cav OP · wall_segment Palisade Wall x10 |
| 15:05 | 老爱国炸鱼号 · wall_segment Palisade Wall x7 |
| 16:54 | 老爱国炸鱼号 · wall_segment Palisade Wall x1 |
| 18:02 | 老爱国炸鱼号 · wall_segment Stone Wall x7 |
| 19:00 | Light Cav OP · first_market_sell 100 stone |
| 19:01 | Light Cav OP · first_market_buy 100 food |
| 19:53 | 老爱国炸鱼号 · wall_segment Palisade Wall x1 |
| 19:54 | 老爱国炸鱼号 · wall_segment Palisade Wall x1 |
| 19:55 | 老爱国炸鱼号 · wall_segment Palisade Wall x1 |
| 19:56 | 老爱国炸鱼号 · wall_segment Palisade Wall x1 |
| 19:57 | 老爱国炸鱼号 · wall_segment Palisade Wall x1 |
| 20:01 | 老爱国炸鱼号 · wall_segment Palisade Wall x3 |
| 21:15 | 老爱国炸鱼号 · age_up castle |
| 21:20 | 老爱国炸鱼号 · first_market_buy 100 stone |
| 21:49 | 老爱国炸鱼号 · first_building Castle |
| 22:05 | Light Cav OP · age_up castle |
| 22:05 | 老爱国炸鱼号 · first_building Siege Workshop |
| 22:22 | Light Cav OP · first_building Siege Workshop |
| 22:58 | Light Cav OP · wall_segment Palisade Wall x1 |
| 24:05 | Light Cav OP · first_building Monastery |
| 26:35 | 老爱国炸鱼号 · first_market_sell 100 wood |
| 31:32 | Light Cav OP · first_building Castle |
| 32:44 | 老爱国炸鱼号 · first_building Monastery |
| 41:51 | 老爱国炸鱼号 · resign |
[ AI ANALYSIS · 1 CREDIT ]
What really happened in this match?
Wolo.gg analyzes every decision: build order, eco, micro, common mistakes by bracket. Personalized analysis on WhatsApp or Discord in 30 seconds.
Civ guide
Huns
Perfil
Jugador #178430